 Dungeon Crawl Stone Soup version 0.17-a0-2127-g1cb09f6 (webtiles) character file.

14570 4thArraOfDagon the Severer (level 11, -11/104 HPs)
             Began as a Deep Dwarf Berserker on Oct 23, 2015.
             Was a Priest of Trog.
             Killed by nerve-wracking pain
             ... invoked by an orc priest
              (12 damage)
             ... on level 4 of the Orcish Mines.
             The game lasted 00:17:54 (2482 turns).

4thArraOfDagon the Severer (Deep Dwarf Berserker)   Turns: 2482, Time: 00:17:54

Health: -11/104    AC: 14    Str: 22    XL:     11   Next: 90%
Magic:  14/14      EV:  8    Int: 10    God:    Trog [***...]
Gold:   506        SH:  0    Dex: 12    Spells: 0 memorised, 10 levels left

rFire  . . .     SeeInvis .     l - +3 battleaxe (chop)
rCold  . . .     Clarity  .     q - +0 plate armour
rNeg   . . .     SustAt   .     (no shield)
rPois  .         Gourm    .     (no helmet)
rElec  .         Spirit   .     (no cloak)
rCorr  .         Warding  .     (no gloves)
rMut   .         Stasis   .     (no boots)
MR     +....                    (no amulet)
Stlth  ..........               (no ring)
                                (no ring)

@: lethally poisoned (-11 -> -18), non-regenerating, somewhat resistant to
hostile enchantments, extremely unstealthy
A: damage resistance, recharge devices, sense surroundings 2, slow regeneration
3
a: Device Recharging, Berserk, Trog's Hand, Burn Spellbooks, Renounce Religion


You were on level 4 of the Orcish Mines.
You worshipped Trog.
Trog was most pleased with you.
You were not hungry.

You visited 2 branches of the dungeon, and saw 13 of its levels.

You collected 1167 gold pieces.
You spent 661 gold pieces at shops.

Inventory:

Hand Weapons
 a - a +0 hand axe
 l - a +3 battleaxe of chopping (weapon)
Armour
 q - a +0 plate armour (worn)
Jewellery
 g - an uncursed ring of ice
Wands
 c - a wand of heal wounds (5)
 e - a wand of enslavement (2)
Scrolls
 j - a scroll of enchant armour
Potions
 b - a potion of ambrosia {unknown}
 h - a potion of brilliance
 k - a potion of lignification {unknown}
 o - a potion of might
Comestibles
 d - a bread ration
 m - 4 chunks of flesh


   Skills:
 + Level 8.4 Fighting
 * Level 15.2 Axes
 + Level 9.1 Armour
 - Level 3.5 Dodging
 - Level 0.6 Stealth
 - Level 9.1 Evocations


You had 10 spell levels left.
You didn't know any spells.

Dungeon Overview and Level Annotations

Branches:
Dungeon (9/15)                Orc (4/4) D:9             Elf (0/3) Orc:3
 Temple: D:4-7         Lair: D:8-11

Altars:
Trog
Vehumet
Xom
Beogh

Shops:
D:6 (*%   Orc:2 (}*((

Annotations:
D:5 Eustachio
D:6 DEFE's ghost, novice OpFi
Orc:4 Nessos


Innate Abilities, Weirdness & Mutations

You are resistant to damage.
You can recharge devices by infusing magical energy.
You passively map the area around you.
You do not regenerate naturally.


Message History

* * * LOW HITPOINT WARNING * * *
An orc warrior comes into view. It is wielding a trident.
Unknown command.
Drink which item? (? for menu, Esc to quit)
Okay, then.
Read which item? (? for menu, Esc to quit)
Charge which item? (? for menu, Esc to quit)
As you read the scroll of recharging, it crumbles to dust.
Your wand of heal wounds (0) glows for a moment and now has 5 charges.
* * * LOW HITPOINT WARNING * * *
You feel very sick. The orc warrior closely misses you.
The orc priest hits you but does no damage.
The orc warrior hits you from afar with a halberd!
* * * LOW HITPOINT WARNING * * *
The orc priest hits you but does no damage.
The orc knight hits you but does no damage.
The orc priest mumbles some strange prayers to Beogh against you.
Pain shoots through your body!
You die... , * * , ,, * * ,, , , #............,* * , , , , # ........... ., * , * * #.*.#.#o#.#. .# , , , , o.. ..ooooo,..., , ..3 ooooo ... ,, ,* ,, , , oooooo oo

, , , ,
#.#o#o#o#o#o#.#,*
, , * ,
#...4oo@ooo.... ,
, , , **
##....oooo.....
** , **
###..ooo....## *
###.....### , *
####### *


You could see 2 orc knights, an ice devil, an orc high priest, a hellwing, 8 orc
warriors, 13 orc priests and 12 orcs.

Vanquished Creatures
  Maud (Orc:3)
  A stone giant (Orc:3)
  Pikel (D:7)
  3 orc knights
  A troll (Orc:4)
  A hungry ghost (D:9)
  A steam dragon (D:8)
  2 wargs
  2 slaves (D:7)
  A phantom (D:8)
  7 orc warriors
  A centaur (D:7)
  A big kobold (D:7)
  3 giant frogs
  A water moccasin skeleton (D:8)
  2 scorpions (D:8)
  3 hounds
  A jelly (D:7)
  12 orc priests
  15 orc wizards
  A giant frog skeleton (D:6)
  3 worker ants
  An adder (D:8)
  An adder zombie (D:8)
  A worm (D:2)
  96 orcs
  2 kobolds (D:7)
  A quokka (D:7)
  A rat (D:2)
167 creatures vanquished.

Vanquished Creatures (others)
  An ogre (D:8)
  An orc (Orc:2)
2 creatures vanquished.

Grand Total: 169 creatures vanquished

Notes
Turn   | Place    | Note
--------------------------------------------------------------
     0 | D:1      | 4thArraOfDagon the Deep Dwarf Berserker began the quest for the Orb.
     0 | D:1      | Reached XP level 1. HP: 20/20 MP: 1/1
   101 | D:3      | You fall through a shaft!
   121 | D:5      | Entered Level 5 of the Dungeon
   160 | D:5      | Noticed a worker ant
   165 | D:5      | Killed a worker ant
   165 | D:5      | Reached XP level 2. HP: 28/28 MP: 2/2
   195 | D:5      | Found a radiant altar of Vehumet.
   212 | D:5      | Noticed Eustachio
   232 | D:6      | Found Zumeutz's Food Emporium.
   232 | D:6      | Noticed an ogre
   243 | D:6      | Found Deisuuraen's General Store.
   268 | D:6      | Reached skill level 4 in Axes
   268 | D:6      | Reached XP level 3. HP: 34/34 MP: 3/3
   304 | D:6      | Found Oresoloq's Antique Weapon Boutique.
   322 | D:6      | Found a bloodstained altar of Trog.
   346 | D:6      | Reached XP level 4. HP: 37/42 MP: 4/4
   379 | D:6      | Noticed a hungry ghost
   408 | D:7      | Noticed a big kobold
   411 | D:7      | Reached XP level 5. HP: 34/50 MP: 5/5
   417 | D:7      | Killed a big kobold
   457 | D:7      | Noticed a slave
   458 | D:7      | Noticed Pikel
   464 | D:7      | Noticed a centaur
   547 | D:8      | Reached skill level 5 in Axes
   547 | D:8      | Reached XP level 6. HP: 24/57 MP: 6/6
   552 | D:8      | Reached ** piety under Trog
   552 | D:8      | Reached skill level 1 in Evocations
   578 | D:8      | Found a shimmering altar of Xom.
   595 | D:8      | Noticed a steam dragon
   619 | D:8      | Killed a steam dragon
   619 | D:8      | Reached XP level 7. HP: 62/66 MP: 8/8
   620 | D:8      | Noticed an ogre
   635 | D:8      | an ogre (ally) was killed
   640 | D:8      | Reached skill level 6 in Axes
   657 | D:8      | Noticed a phantom
   682 | D:8      | Killed a phantom
   726 | D:9      | Found a staircase to the Orcish Mines.
   745 | D:9      | Reached skill level 5 in Fighting
   815 | Orc:1    | Entered Level 1 of the Orcish Mines
   889 | Orc:1    | Reached skill level 7 in Axes
   996 | Orc:1    | Reached XP level 8. HP: 43/74 MP: 10/10
  1162 | D:6      | Noticed DEFE's ghost (novice OpFi)
  1221 | D:6      | Noticed a giant frog
  1237 | D:6      | Bought a runed battleaxe for 201 gold pieces
  1277 | D:7      | Killed a giant frog
  1296 | D:7      | Noticed a slave
  1303 | D:7      | Noticed a slave
  1304 | D:7      | Noticed a slave
  1304 | D:7      | Killed a slave
  1310 | D:7      | Killed Pikel
  1310 | D:7      | Reached skill level 8 in Axes
  1310 | D:7      | Reached skill level 5 in Armour
  1310 | D:7      | Reached skill level 5 in Evocations
  1310 | D:7      | Killed a slave
  1317 | D:7      | Killed a centaur
  1425 | Orc:2    | Found Dibbitass's Gadget Boutique.
  1433 | Orc:2    | Noticed an orc knight
  1441 | Orc:2    | Gained mutation: You passively map the area around you. [Deep Dwarf growth]
  1441 | Orc:2    | Reached XP level 9. HP: 82/82 MP: 12/12
  1443 | Orc:2    | Killed an orc knight
  1443 | Orc:2    | Reached skill level 9 in Axes
  1450 | Orc:2    | Found Neisuvon's Weapon Shop.
  1467 | Orc:2    | Reached skill level 11 in Axes
  1467 | Orc:2    | Reached XP level 10. HP: 36/96 MP: 12/15
  1529 | Orc:2    | Found a roughly hewn altar of Beogh.
  1533 | Orc:2    | Reached skill level 14 in Axes
  1533 | Orc:2    | Reached XP level 11. HP: 80/102 MP: 15/15
  1567 | Orc:2    | Found Hokitew Jeti's Antique Weapon Shop.
  1672 | Orc:2    | Found Sureaf's Antique Weapon Shop.
  1750 | Orc:2    | Found Holen's General Store.
  1758 | Orc:2    | Bought a scroll of teleportation for 39 gold pieces
  1758 | Orc:2    | Bought a scroll of recharging for 123 gold pieces
  1758 | Orc:2    | Bought a scroll of recharging for 123 gold pieces
  1758 | Orc:2    | Bought a potion of might for 52 gold pieces
  1758 | Orc:2    | Bought a scroll of summoning for 123 gold pieces
  1965 | Orc:3    | Reached *** piety under Trog
  2079 | Orc:3    | Received a gift from Trog
  2089 | Orc:3    | Found a staircase to the Elven Halls.
  2092 | Orc:3    | Found a roughly hewn altar of Beogh.
  2097 | Orc:3    | Noticed a stone giant
  2133 | Orc:3    | Killed a stone giant
  2133 | Orc:3    | Reached skill level 15 in Axes
  2227 | Orc:4    | Entered Level 4 of the Orcish Mines
  2227 | Orc:4    | Noticed Nessos
  2272 | Orc:4    | Noticed Maud
  2289 | Orc:3    | Killed Maud
  2478 | Orc:4    | Noticed an orc high priest
  2482 | Orc:4    | Noticed an ice devil
  2482 | Orc:4    | HP: 1/104 [orc warrior/halberd (6)]
  2482 | Orc:4    | Killed from afar by an orc priest

Vault maps used:
D:1:      ncdulo_smallfort
D:2:      grunt_gozag_breadcrumbs, first_bread, fedhas_altar_4
D:3:      ecumenical_altar_1, minmay_misc_feat_enclosed, serial_park_tiny_1
D:4:      okawaru_ov_weapons_minmay, lemuel_temple_firewalk_marked
D:5:      basic_altar, uniq_blork_the_orc, uniq_eustachio
D:6:      old_standard_altar, serial_shops, shop, shop, nicolae_shop_crystal,
          nicolae_shop_behind_doors, bloody_trog
D:7:      gammafunk_temple_overflow_pools, uniq_pikel, uniq_duvessa
D:8:      kennysheep_mini_moat, uniq_prince_ribbit1
D:9:      nicolae_overflow_quartered_altars, slow_altar_1, dpeg_oklobed_lair,
          minmay_orc_entry_temple_small, grunt_pizzeria,
          hangedman_minor_gate_pass
Orc:1:    lightli_orcish_oven
Orc:2:    basic_altar, serial_shops, nicolae_shop_crystal, shop,
          nicolae_shop_overgrown_old_shop, shop_fountains, shop
Orc:3:    basic_altar, nicolae_orc_pool_cavern
Orc:4:    st_orc_pillars, basic_altar, nicolae_orc_lava_room, uniq_nessos,
          uniq_maud

Action                   |  1- 3 |  4- 6 |  7- 9 | 10-12 || total
-------------------------+-------+-------+-------+-------++-------
Melee: Hand axe          |    14 |    55 |    84 |       ||   153
       Battleaxe         |       |       |    42 |   139 ||   181
Invok: Berserk           |     4 |     4 |     9 |     4 ||    21
       Trog's Hand       |       |     1 |     9 |    14 ||    24
 Abil: Device Recharging |       |       |     1 |     2 ||     3
Evoke: Wand              |       |     3 |     5 |    18 ||    26
  Use: Scroll            |     2 |     1 |     3 |     4 ||    10
       Potion            |       |       |     1 |     1 ||     2
 Stab: Distracted        |       |       |       |     1 ||     1
  Eat: Chunk             |     1 |     1 |    11 |    11 ||    24
       Royal jelly       |       |     2 |       |       ||     2
       Bread ration      |       |       |     2 |       ||     2
       Pizza             |       |       |     1 |       ||     1
